 Dungeon Crawl Stone Soup version 0.27-a0-906-g0a00ce863d (webtiles) character file.

Game seed: 5805186351641619784

83 kae the Ruffian (level 4, -1/35 HPs)
             Began as a Demonspawn Gladiator on Apr 6, 2021.
             Killed from afar by Ijyb (14 damage)
             ... with a bolt of acid
             ... on level 3 of the Dungeon.
             The game lasted 00:01:20 (2668 turns).

kae the Ruffian (Demonspawn Gladiator)              Turns: 2668, Time: 00:01:21

Health: -1/35      AC:  3    Str: 15    XL:     4   Next: 22%
Magic:  4/4        EV: 12    Int: 10    God:
Gold:   152        SH:  0    Dex: 14    Spells: 3/3 levels left

rFire    . . .     SeeInvis .     - Unarmed
rCold    . . .     Faith    .   (no shield)
rNeg     . . .     Spirit   .   a - +0 leather armour
rPois    .         Reflect  .   b - +0 helmet
rElec    .         Harm     .   k - +0 cloak
rCorr    .         Rampage  .   (no gloves)
Will     .....                  (no boots)
Stlth    +.........             g - amulet of regeneration
HPRegen  1.11/turn              (no ring)
MPRegen  0.09/turn              (no ring)

@: corroded
A: talons 1, molten scales 1
a: no special abilities


You were on level 3 of the Dungeon.
You visited 1 branch of the dungeon, and saw 3 of its levels.

You collected 152 gold pieces.

Inventory:

Missiles
 c - 3 throwing nets (quivered)
Armour
 a - a +0 leather armour (worn)
 b - a +0 helmet (worn)
 k - a +0 cloak (worn)
Jewellery
 g - an amulet of regeneration (around neck)
 i - a ring of fire
 o - a ring of willpower
Scrolls
 e - a scroll of identify
 m - a scroll of enchant weapon {unknown}
 r - a scroll of fear {unknown}
Potions
 d - 2 potions of haste
 h - a potion of berserk rage {unknown}
 j - a potion of degeneration {unknown}
 n - 2 potions of brilliance {unknown}
 p - a potion of flight {unknown}
 q - a potion of curing {unknown}


   Skills:
 + Level 3.0 Fighting
 - Level 1.7 Throwing
 - Level 2.6 Dodging
 * Level 4.1 Unarmed Combat


You had 3 spell levels left.
You didn't know any spells.
Your spell library was empty.

Dungeon Overview and Level Annotations

Branches:
Dungeon (3/15)

Altars:
Hepliaklqana

Annotations:
D:3 Ijyb


Innate Abilities, Weirdness & Mutations

You have sharp toenails.
You are partially covered in molten scales. (AC +2)


Message History

No target in view!
Found a stone staircase leading down.
No target in view!
No target in view!
There is a stone staircase leading down here.
Found a stone staircase leading up.
No target in view!
No target in view!
There is a stone staircase leading up here.
Found a hand axe.
No target in view!
No target in view!
You see here a +0 hand axe.
Key pressed, stopping explore.
Ijyb the Twisted Goblin comes into view.
She is wielding a +3 club and carrying a wand of acid (10).
Ijyb shouts!
Ijyb zaps a wand.
The bolt of acid hits the plant!!
The plant is splashed with acid.
The acid corrodes the plant!
The plant begins to die.
The bolt of acid hits you. The acid corrodes you!
You are splashed with acid!
You are too injured to fight recklessly!
Ijyb is nearby!
You are too injured to fight recklessly!
You are too injured to fight recklessly!
Ijyb is nearby!
You are too injured to fight recklessly!
You are too injured to fight recklessly!
Ijyb is nearby!
Okay, then.
Okay, then.
As you read the scroll labelled OMALOO JOEPPET, it crumbles to dust.
It is a scroll of identify.
d - 2 potions of haste
As you read the scroll labelled QOG DECEACOV, it crumbles to dust.
You hear a loud clanging noise!
It was a scroll of noise.
As you read the scroll labelled KUQOHI WEJIKLAM, it crumbles to dust.
You speak a Word of immense power!
You are blasted by holy energy!
It was a scroll of holy word.
Ijyb zaps a wand.
The bolt of acid hits you!
You die...

########<.#####.# #.###..#.##.#
########..#####.## #.##...#.....
#................# #.#.###.###.#
..........#####..# #..## ##.##.#
#.######### #..####..# #..<.# ..#
. #..#.##..## ##..... #.♣ ..
#♣♣#.♣♣♣♣.# #.##### .♣♣
..g♣♣♣♣♣♣♣...♣♣♣♣♣♣♣♣## # ♣♣.♣♣
....♣PP♣@..♣.♣♣.P # ..♣...
♣P.♣...P♣.♣♣.. ♣♣♣♣♣♣ # ♣......
♣.g§..♣.♣P♣P♣ ♣.♣♣.♣♣♣ ........♣
♣≈.§§§§....♣.♣♣♣♣....♣♣
....P....♣P♣≈♣§§§≈.♣...♣.♣♣♣..♣♣♣
.P....♣≈♣P≈♣≈≈♣P§...♣..♣.P♣♣♣♣.P.
..≈.≈♣≈♣≈≈♣≈≈≈≈≈§♣≈......♣.♣P.♣.P
P.♣≈≈≈≈≈≈≈..≈.≈≈≈≈♣≈♣........♣...
..≈P≈≈♣≈≈≈♣≈≈♣≈≈♣♣....♣...♣...♣♣♣


You could see Ijyb.

Vanquished Creatures
  2 adders (D:2)
  3 worms
  A dart slug (D:1)
  6 endoplasms
  5 goblins
  5 hobgoblins
  5 jackals
  8 ball pythons
  7 bats
  A frilled lizard (D:3)
  6 kobolds
  2 rats
51 creatures vanquished.

Vanquished Creatures (others)
  16 plants (D:3)
16 creatures vanquished.

Grand Total: 67 creatures vanquished

Notes
Turn   | Place    | Note
-------+----------+-------------------------------------------
     0 | D:1      | kae the Demonspawn Gladiator began the quest for the Orb.
     0 | D:1      | Reached XP level 1. HP: 16/16 MP: 1/1
   337 | D:1      | Reached skill level 3 in Unarmed Combat
   454 | D:1      | Found a faded altar of an unknown god.
   502 | D:1      | Gained mutation: You have sharp toenails. [demonic
                  | ancestry]
   502 | D:1      | Reached XP level 2. HP: 4/22 MP: 2/2
  1069 | D:2      | Gained mutation: You are partially covered in molten
                  | scales. (AC +2) [demonic ancestry]
  1069 | D:2      | Reached XP level 3. HP: 28/28 MP: 3/3
  1949 | D:3      | Reached skill level 4 in Unarmed Combat
  1949 | D:3      | Reached XP level 4. HP: 20/34 MP: 4/4
  2072 | D:3      | Found a hazy altar of Hepliaklqana.
  2661 | D:3      | Noticed Ijyb
  2668 | D:3      | Killed from afar by Ijyb

Illustrated notes

Levels and vault maps discovered:
D:1:      noname_arrival_rooms_in_the_neighbourhood, layout_basic,
          basic_ecumenical_altar
D:2:      minmay_wonky_spiral, layout_basic
D:3:      wad_woods_pond, layout_loops_ring, nzn_hepliaklqana_mist_gate,
          st_stairs_11, uniq_ijyb

Skill      XL: |  1  2  3  4 |
---------------+-------------+-----
Unarmed Combat | 3 4 |  4.1
Fighting       | 3 |  3.0
Throwing       | |  1.7
Dodging        | |  2.6

Action                   |  1- 3 |  4- 6 || total
-------------------------+-------+-------++-------
Melee: Unarmed           |   146 |    32 ||   178
       Kick              |    19 |     5 ||    24
       Punch             |     2 |       ||     2
  Use: Scroll            |       |     3 ||     3
Armor: Leather armour    |    55 |    12 ||    67
Dodge: Dodged            |   125 |    28 ||   153

Table legend: (Time is in decaauts)
 A = Elapsed time spent in this place.
 B = Non-inter-level travel time spent in this place.
 C = Inter-level travel time spent in this place.
 D = Time resting spent in this place.
 E = Time spent auto-exploring this place.
 F = Levels seen in this place.
 G = Mean time per level.
                   A        B        C        D        E       F      G
               +--------+--------+--------+--------+--------+-----+--------+
         Total |   2657 |   2595 |     62 |    265 |   1970 |   3 |  885.7 |
       Dungeon |   2657 |   2595 |     62 |    265 |   1970 |   3 |  885.7 |
               +--------+--------+--------+--------+--------+-----+--------+

Top non-repeatable levels by time:
     D:1: 1015 daAuts
     D:2: 908 daAuts
     D:3: 733 daAuts
